[Event "10th IM Marmaris Karia 2019"]
[Site "Marmaris"]
[Date "2019.10.18"]
[Round "1.1"]
[White "Kiremitciyan, Ari"]
[Black "Rasulov, Vugar"]
[Result "0-1"]
[ECO "C95"]
[WhiteElo "2286"]
[BlackElo "2506"]
[Annotator "ChessBase"]
[PlyCount "98"]
[EventDate "2019.10.19"]
[EventType "schev"]
[EventCountry "TUR"]
[SourceTitle "playchess.com"]
[Source "ChessBase"]
[SourceQuality "1"]
[TimeControl "5400+30"]

1. e4 e5 2. Nf3 Nc6 3. Bb5 a6 4. Ba4 Nf6 5. O-O Be7 6. Re1 b5 7. Bb3 O-O 8. h3 d6 9. c3 Nb8 10. d4 Nbd7 11. Nbd2 Bb7 12. Bc2 Re8 13. Nf1 Bf8 14. Ng3 g6 15. a4 Bg7 16. Bg5 h6 17. Bd2 Qe7 18. Qc1 Qf8 19. Bd3 c6 20. Qd1 Nh7 21. Qc2 Qe7 22. Qc1 h5 23. Bh6 Bf6 24. Qd2 Red8 25. Nf1 Ndf8 26. Bc2 Ne6 27. Be3 Nhg5 28. N1h2 Rab8 29. Rf1 Nh7 30. Rfd1 Neg5 31. Qe2 exd4 32. Bxd4 c5 33. Bxf6 Qxf6 34. axb5 axb5 35. Nxg5 Nxg5 36. h4 Ne6 37. g3 c4 38. Ra5 Bc6 39. Ra6 Rbc8 40. Qe3 Nc5 41. Ra7 Re8 42. f3 Qe5 43. Qg5 Ra8 44. Qxe5 dxe5 45. Rc7 Re6 46. Nf1 Na6 47. Rxc6 Rxc6 48. Rd5 Nc7 49. Rxe5 Kf8 0-1

[Event "10th IM Marmaris Karia 2019"]
[Site "Marmaris"]
[Date "2019.10.18"]
[Round "1.2"]
[White "Sahin, Ozgun"]
[Black "Sevdimaliyev, Urfan"]
[Result "0-1"]
[ECO "B03"]
[WhiteElo "2224"]
[BlackElo "2361"]
[Annotator "NA"]
[PlyCount "84"]
[EventDate "2019.10.19"]
[EventType "schev"]
[EventCountry "TUR"]
[SourceTitle "playchess.com"]
[Source "ChessBase"]
[SourceQuality "1"]
[TimeControl "5400+30"]

1. e4 Nf6 2. e5 Nd5 3. d4 Nb6 4. c4 d6 5. exd6 cxd6 6. Nc3 g6 7. Be3 Bg7 8. Rc1 O-O 9. b3 Bf5 10. Be2 {[%emt 0:02:30] B03: Alekhine's Defence: Four Pawns Attack} e5 11. dxe5 (11. Nf3 $14) 11... dxe5 12. Nb5 Nc6 13. Bc5 $146 ({Predecessor:} 13. Nf3 $11 {keeps the balance.} Nb4 14. O-O Nd3 15. Rc2 a6 16. Nc3 e4 17. Nxe4 Bxe4 18. Bxd3 Qxd3 {½-½ (40) Delchev,A (2556)-Dimitrov,R (2535) Kozloduy 2019}) 13... Bh6 (13... Qf6 $17 14. Qd6 Be6) 14. Rc3 $2 {[%emt 0:03:30] [#]} (14. Qxd8 $1 $11 Rfxd8 15. Be3 Bxe3 16. fxe3) 14... Qxd1+ (14... Qf6 $1 $19 15. Bxf8 Rxf8) 15. Bxd1 Rfd8 16. Be3 Bf8 17. g4 (17. Ne2 $17 {was worth a try.}) 17... Be6 18. a3 Nd4 (18... Rd7 $19 19. Rc1 a6) 19. Nc7 Bxa3 20. Nxa8 {[%emt 0:00:30] [#]} Bb4 $1 (20... Rxa8 21. Rd3 $15) ({Much less strong is} 20... Nxa8 21. Bg5 $15) 21. Bd2 Bxc3 22. Bxc3 Nxa8 23. h3 b5 24. cxb5 Bd5 25. Rh2 Nxb5 26. Bb2 Nb6 27. f3 f6 $15 28. Rd2 Re8 29. Kf2 Nd6 30. Ba3 Nb7 31. Ne2 Na5 32. Nc3 Bxb3 33. Ne4 Kg7 34. Bxb3 Nxb3 35. Rd6 f5 36. Nf6 Rc8 37. g5 Rc2+ 38. Ke1 Nd4 39. Rd8 Nxf3+ 40. Kd1 Rc8 41. Ne8+ Kg8 42. Nf6+ Kf7 0-1

[Event "10th IM Marmaris Karia 2019"]
[Site "Marmaris"]
[Date "2019.10.18"]
[Round "1.4"]
[White "Gunduz, Umut Erdem"]
[Black "Semiev, Suhrab"]
[Result "1-0"]
[ECO "B06"]
[WhiteElo "2165"]
[BlackElo "2290"]
[Annotator "NA"]
[PlyCount "133"]
[EventDate "2019.10.19"]
[EventType "schev"]
[EventCountry "TUR"]
[SourceTitle "playchess.com"]
[Source "ChessBase"]
[SourceQuality "1"]
[TimeControl "5400+30"]

1. e4 g6 2. d4 Bg7 3. Nc3 d5 4. exd5 Nf6 5. Bc4 O-O 6. Nf3 {[%emt 0:07:30] B06: Modern Defence} Nbd7 7. O-O Nb6 8. Bb3 a5 9. a4 Nbxd5 10. Nxd5 Nxd5 11. Re1 e6 12. Bg5 Qd6 13. Qd2 $146 ({Predecessor:} 13. c4 Nb4 14. c5 {1-0 (31) Muzychuk,A (2585)-Darban,M (2358) Baku 2013}) 13... b6 14. Bh6 Bb7 15. Bxg7 Kxg7 16. Ne5 Rad8 17. Rad1 h6 18. c3 Ne7 19. Re3 Nf5 20. Rh3 Rh8 21. Re1 Qe7 22. Bc2 Qf6 (22... Rde8 $11) 23. f3 ({White should play} 23. g4 $16 Nh4 24. Be4 Qxe5 25. f4 (25. Bxb7 Qg5 $11)) 23... h5 24. Qf2 Ne7 25. Bb3 Nd5 26. Bxd5 Rxd5 27. Qg3 $15 (27. Rh4 $11) 27... c5 28. Rh4 Qe7 29. Rf4 Rf8 30. dxc5 Qxc5+ 31. Kh1 Qe7 32. h4 Bc8 33. Kh2 Bd7 34. Re3 Be8 35. Nc4 Qd8 36. Re5 Bxa4 37. Rxd5 exd5 38. Ne3 Bc6 39. Nf5+ Kh7 40. Nd4 Bb7 41. Qg5 Qxg5 42. hxg5 Kg7 43. Rf6 Ba6 44. Rxb6 Bc4 45. Kg3 a4 46. Rb7 Ra8 47. Ne6+ Kg8 48. Nc7 Rc8 49. Kf4 Kf8 50. g3 Rd8 51. Ke5 Bb3 52. Ra7 Rc8 53. Ra8 Rxa8 54. Nxa8 Ke7 55. Nb6 Kd8 56. Nxd5 Kd7 57. f4 Kc6 58. Nb4+ Kc5 59. Nd3+ Kb5 60. Kd4 Be6 61. Ne5 Ba2 62. Nf3 Bb3 63. Nd2 Be6 64. Ne4 Ba2 65. Nd6+ Kc6 66. Nc4 Kb5 67. Na3+ 1-0

[Event "10th IM Marmaris Karia 2019"]
[Site "Marmaris"]
[Date "2019.10.18"]
[Round "2.1"]
[White "Sevdimaliyev, Urfan"]
[Black "Kiremitciyan, Ari"]
[Result "1/2-1/2"]
[ECO "D02"]
[WhiteElo "2361"]
[BlackElo "2286"]
[Annotator "NA"]
[PlyCount "60"]
[EventDate "2019.10.19"]
[EventType "schev"]
[EventCountry "TUR"]
[SourceTitle "playchess.com"]
[Source "ChessBase"]
[SourceQuality "1"]
[TimeControl "5400+30"]

1. d4 Nf6 2. Nf3 d5 3. Bf4 c5 4. e3 Nc6 5. c3 Qb6 6. Qb3 c4 7. Qc2 Bf5 8. Qc1 e6 9. Nbd2 Rc8 10. h3 h6 11. Be2 Be7 12. O-O O-O 13. Bd1 Qd8 14. Bc2 Bd6 15. Bxd6 Qxd6 16. Re1 Ne4 17. Nxe4 Bxe4 18. Bxe4 dxe4 19. Nd2 Qd5 20. Qc2 f5 21. f3 exf3 22. Nxf3 e5 23. e4 fxe4 24. Qxe4 Qxe4 25. Rxe4 exd4 26. Nxd4 Nxd4 27. Rxd4 Rfd8 28. Rad1 Rxd4 29. Rxd4 Rc6 30. Rd8+ Kh7 1/2-1/2

[Event "10th IM Marmaris Karia 2019"]
[Site "Marmaris"]
[Date "2019.10.18"]
[Round "2.2"]
[White "Guseynov, Alihan"]
[Black "Sahin, Ozgun"]
[Result "1/2-1/2"]
[ECO "A11"]
[WhiteElo "2335"]
[BlackElo "2224"]
[Annotator "NA"]
[PlyCount "85"]
[EventDate "2019.10.19"]
[EventType "schev"]
[EventCountry "TUR"]
[SourceTitle "playchess.com"]
[Source "ChessBase"]
[SourceQuality "1"]
[TimeControl "5400+30"]

1. Nf3 d5 2. c4 c6 3. e3 Nf6 4. Nc3 e6 5. Qc2 Nbd7 6. b3 Bd6 7. Bb2 O-O 8. Be2 Qe7 9. O-O b6 10. cxd5 exd5 11. Nd4 Bb7 12. Nf5 Qe6 13. Nxd6 Qxd6 14. d4 Rac8 15. Rfd1 Rfe8 16. Rac1 Nf8 17. Nb1 Ne6 18. Nd2 Ng5 19. Nf1 Nge4 20. f3 Ng5 21. Bc3 Ne6 22. Ng3 Nd7 23. Qd2 g6 24. e4 Qf4 25. Qb2 h5 26. Bd2 Qf6 27. e5 Qg7 28. Bd3 c5 29. Ne2 cxd4 30. Bb5 d3 31. Bxd7 dxe2 32. Re1 Nc5 33. Bxc8 Bxc8 34. Rxe2 Nd3 35. Qd4 Nxc1 36. Bxc1 Be6 37. Bg5 Qf8 38. Rc2 Rc8 39. Rxc8 Qxc8 40. h4 Qc5 41. Qxc5 bxc5 42. Be3 d4 43. Bc1 1/2-1/2

[Event "10th IM Marmaris Karia 2019"]
[Site "Marmaris"]
[Date "2019.10.18"]
[Round "2.3"]
[White "Semiev, Suhrab"]
[Black "Citak, Selim"]
[Result "1-0"]
[ECO "D11"]
[WhiteElo "2290"]
[BlackElo "2210"]
[Annotator "NA"]
[PlyCount "105"]
[EventDate "2019.10.19"]
[EventType "schev"]
[EventCountry "TUR"]
[SourceTitle "playchess.com"]
[Source "ChessBase"]
[SourceQuality "1"]
[TimeControl "5400+30"]

1. d4 Nf6 2. Nf3 d5 3. g3 Bf5 4. Bg2 e6 5. O-O h6 6. c4 c6 7. Nc3 Nbd7 8. Nd2 Bd6 9. e4 dxe4 10. Ndxe4 Nxe4 11. Nxe4 Bxe4 12. Bxe4 O-O 13. Bc2 Nf6 14. b3 Qa5 15. Qf3 Qh5 16. Qxh5 Nxh5 17. Bb2 Rfd8 18. Rad1 Nf6 19. Rfe1 a5 20. f4 b5 21. f5 exf5 22. Bxf5 bxc4 23. bxc4 Rab8 24. Ba1 Rb4 25. Rc1 Ra4 26. Re2 Ra3 27. Bh3 Bb4 28. Bg2 c5 29. d5 Ne8 30. Be4 Nd6 31. Bb1 Re8 32. Rxe8+ Nxe8 33. Be5 Nf6 34. d6 Kf8 35. Rd1 Bc3 36. Rd3 Bb4 37. Rxa3 Ke8 38. Bf5 Bxa3 39. Kf1 Kd8 40. Ke2 Ne8 41. d7 Nf6 42. Kd3 Nxd7 43. Bxg7 Bc1 44. Bxd7 Kxd7 45. a4 f5 46. Bc3 f4 47. g4 f3 48. Be1 Bf4 49. h4 Ke6 50. Ke4 Bd2 51. Bg3 h5 52. gxh5 Bc1 53. Bf2 1-0

[Event "10th IM Marmaris Karia 2019"]
[Site "Marmaris"]
[Date "2019.10.18"]
[Round "2.4"]
[White "Darban, Morteza"]
[Black "Gunduz, Umut Erdem"]
[Result "1-0"]
[ECO "A67"]
[WhiteElo "2285"]
[BlackElo "2165"]
[Annotator "NA"]
[PlyCount "73"]
[EventDate "2019.10.19"]
[EventType "schev"]
[EventCountry "TUR"]
[SourceTitle "playchess.com"]
[Source "ChessBase"]
[SourceQuality "1"]
[TimeControl "5400+30"]

1. d4 Nf6 2. c4 e6 3. Nc3 c5 4. d5 exd5 5. cxd5 d6 6. e4 g6 7. f4 Bg7 8. Bb5+ Nfd7 9. a4 O-O 10. Nf3 Na6 11. O-O Nb4 12. Re1 a6 13. Bf1 Nf6 14. h3 Re8 15. Bc4 Nd7 16. Be3 Nb6 17. Bf1 a5 18. Bf2 Bd7 19. Qd2 c4 20. Nd4 Rc8 21. Ndb5 Bxb5 22. Nxb5 Nd3 23. Bxd3 cxd3 24. Qxd3 Nc4 25. b3 Bxa1 26. Rxa1 Nb6 27. Qd4 Rc5 28. Nxd6 Qxd6 29. Qxc5 Qxc5 30. Bxc5 Nd7 31. Ba3 Rxe4 32. Rc1 Nf6 33. Bb2 Ne8 34. Rc8 Kf8 35. d6 Re1+ 36. Kf2 Rd1 37. Ba3 1-0

[Event "10th IM Marmaris Karia 2019"]
[Site "Marmaris"]
[Date "2019.10.18"]
[Round "2.5"]
[White "Rasulov, Vugar"]
[Black "Angun, Batu"]
[Result "1/2-1/2"]
[ECO "D03"]
[WhiteElo "2506"]
[BlackElo "2165"]
[Annotator "ChessBase"]
[PlyCount "34"]
[EventDate "2019.10.19"]
[EventType "schev"]
[EventCountry "TUR"]
[SourceTitle "playchess.com"]
[Source "ChessBase"]
[SourceQuality "1"]
[TimeControl "5400+30"]

1. Nf3 Nf6 2. d4 g6 3. Bg5 Bg7 4. Nbd2 d5 5. e3 O-O 6. Bd3 c5 7. c3 Nc6 8. O-O Qb6 9. Rb1 Bf5 10. dxc5 Qxc5 11. Nb3 Qd6 12. Bxf5 gxf5 13. Nbd4 e6 14. Bf4 Qe7 15. Bg5 Qd6 16. Bf4 Qe7 17. Bg5 Qd6 1/2-1/2

[Event "10th IM Marmaris Karia 2019"]
[Site "Marmaris"]
[Date "2019.10.18"]
[Round "3.1"]
[White "Kiremitciyan, Ari"]
[Black "Guseynov, Alihan"]
[Result "0-1"]
[ECO "B30"]
[WhiteElo "2286"]
[BlackElo "2335"]
[Annotator "ChessBase"]
[PlyCount "56"]
[EventDate "2019.10.19"]
[EventType "schev"]
[EventCountry "TUR"]
[SourceTitle "playchess.com"]
[Source "ChessBase"]
[SourceQuality "1"]
[TimeControl "5400+30"]

1. e4 c5 2. Nf3 Nc6 3. Bb5 e6 4. O-O Nge7 5. d4 cxd4 6. Nxd4 Ng6 7. Re1 Qb6 8. Nxc6 Bc5 9. Be3 Bxe3 10. Rxe3 bxc6 11. Bf1 Qxb2 12. Na3 Qb4 13. Nc4 Qc5 14. Nd6+ Ke7 15. Rd3 Rd8 16. Qd2 Ba6 17. c4 Rab8 18. Rd1 Kf8 19. Rg3 f6 20. Qc3 Rb6 21. Qf3 Rdb8 22. Rh3 Kg8 23. Rh5 Ne5 24. Qh3 h6 25. Qg3 Rb1 26. Ne8 Qe7 27. Rxb1 Rxb1 28. Nxf6+ Qxf6 0-1

[Event "10th IM Marmaris Karia 2019"]
[Site "Marmaris"]
[Date "2019.10.18"]
[Round "3.2"]
[White "Sahin, Ozgun"]
[Black "Semiev, Suhrab"]
[Result "0-1"]
[ECO "C45"]
[WhiteElo "2224"]
[BlackElo "2290"]
[Annotator "ChessBase"]
[PlyCount "75"]
[EventDate "2019.10.19"]
[EventType "schev"]
[EventCountry "TUR"]
[SourceTitle "playchess.com"]
[Source "ChessBase"]
[SourceQuality "1"]
[TimeControl "5400+30"]

1. e4 e5 2. Nf3 Nc6 3. d4 exd4 4. Nxd4 g6 5. Nxc6 bxc6 6. Qd4 Qf6 7. Qe3 Bg7 8. Nc3 Ne7 9. Bc4 O-O 10. O-O d6 11. Qg3 h6 12. Be3 Be6 13. Bd3 g5 14. f4 gxf4 15. Bxf4 Qd4+ 16. Be3 Qe5 17. Qxe5 Bxe5 18. Bxh6 Rfb8 19. Rab1 Bxc3 20. bxc3 Bxa2 21. Ra1 Be6 22. Ra6 Rb6 23. Ra5 c5 24. e5 Nc6 25. Ra4 Nxe5 26. Rh4 Nxd3 27. cxd3 Rab8 28. Rf3 Rb1+ 29. Kf2 R8b2+ 30. Kg3 Bd5 31. Re3 Rxg2+ 32. Kh3 Rb8 33. Rh5 Rg6 34. Rg3 Be6+ 35. Kh4 Rb2 36. h3 Rf2 37. Bg5 Ra2 38. Bh6 0-1

[Event "10th IM Marmaris Karia 2019"]
[Site "Marmaris"]
[Date "2019.10.18"]
[Round "3.3"]
[White "Citak, Selim"]
[Black "Darban, Morteza"]
[Result "1-0"]
[ECO "A21"]
[WhiteElo "2210"]
[BlackElo "2285"]
[Annotator "ChessBase"]
[PlyCount "105"]
[EventDate "2019.10.19"]
[EventType "schev"]
[EventCountry "TUR"]
[SourceTitle "playchess.com"]
[Source "ChessBase"]
[SourceQuality "1"]
[TimeControl "5400+30"]

1. d4 d6 2. c4 e5 3. Nf3 e4 4. Ng5 f5 5. Nc3 Nf6 6. d5 h6 7. Nh3 g5 8. f3 Qe7 9. fxe4 fxe4 10. e3 Bg7 11. Be2 Bf5 12. O-O Bg6 13. Nb5 O-O 14. Nd4 Rf7 15. Ne6 Bh8 16. Bd2 Na6 17. Bc3 Nc5 18. Nd4 a5 19. Qd2 b6 20. Nf2 Kh7 21. Nh1 Raf8 22. Ng3 Nfd7 23. Nc6 Bxc3 24. Qxc3 Rxf1+ 25. Rxf1 Rxf1+ 26. Bxf1 Qf6 27. Qd2 Ne5 28. Nxe5 Qxe5 29. Ne2 Bf5 30. Nd4 Bd7 31. b3 Kg6 32. Be2 h5 33. Bd1 h4 34. Bc2 g4 35. a3 Bf5 36. Nb5 Qa1+ 37. Qd1 Qxd1+ 38. Bxd1 Na6 39. Kf2 Kf6 40. g3 h3 41. Ke1 Ke5 42. Kd2 Bd7 43. Kc3 Nc5 44. Nxc7 Nd3 45. Kd2 Kf5 46. Na8 Ne5 47. Nxb6 Be8 48. Nc8 Kf6 49. Nxd6 Bg6 50. c5 Ke7 51. Nc4 Nf3+ 52. Bxf3 exf3 53. Ne5 1-0

[Event "10th IM Marmaris Karia 2019"]
[Site "Marmaris"]
[Date "2019.10.18"]
[Round "3.4"]
[White "Gunduz, Umut Erdem"]
[Black "Rasulov, Vugar"]
[Result "0-1"]
[ECO "B17"]
[WhiteElo "2165"]
[BlackElo "2506"]
[Annotator "ChessBase"]
[PlyCount "113"]
[EventDate "2019.10.19"]
[EventType "schev"]
[EventCountry "TUR"]
[SourceTitle "playchess.com"]
[Source "ChessBase"]
[SourceQuality "1"]
[TimeControl "5400+30"]

1. e4 c6 2. d4 d5 3. Nc3 dxe4 4. Nxe4 Nd7 5. Qe2 e6 6. Nf3 Ngf6 7. g3 Nxe4 8. Qxe4 Qa5+ 9. Bd2 Qb6 10. O-O-O Be7 11. Ne5 Nf6 12. Qe1 Qxd4 13. Bh6 Qe4 14. Bxg7 Rg8 15. Bxf6 Qxe1 16. Rxe1 Bxf6 17. f4 Ke7 18. Bh3 h5 19. Rhf1 Rd8 20. Nd3 Rd5 21. f5 e5 22. Nf4 Ra5 23. Nxh5 Rxa2 24. Kb1 Ra5 25. Rd1 Rd5 26. Bg2 Rd7 27. g4 Bh4 28. Be4 f6 29. Bd3 Rd4 30. h3 Bd7 31. c3 Rd6 32. Bc4 Rxd1+ 33. Rxd1 Rd8 34. Ng7 c5 35. Kc2 Ba4+ 36. b3 Rxd1 37. Kxd1 Bc6 38. Ne6 b6 39. Bf1 a5 40. Kd2 Bd5 41. c4 Bf3 42. Be2 Bg2 43. Ke3 Kd6 44. Nf8 Bg5+ 45. Kf2 Be4 46. Bd1 Bd3 47. Ng6 e4 48. h4 Bd2 49. Kg3 a4 50. bxa4 Bxc4 51. g5 fxg5 52. h5 Bg8 53. Kg4 c4 54. h6 e3 55. Kf3 c3 56. Nf8 g4+ 57. Ke2 0-1

[Event "10th IM Marmaris Karia 2019"]
[Site "Marmaris"]
[Date "2019.10.18"]
[Round "3.5"]
[White "Angun, Batu"]
[Black "Sevdimaliyev, Urfan"]
[Result "1-0"]
[ECO "E92"]
[WhiteElo "2165"]
[BlackElo "2361"]
[Annotator "ChessBase"]
[PlyCount "80"]
[EventDate "2019.10.19"]
[EventType "schev"]
[EventCountry "TUR"]
[SourceTitle "playchess.com"]
[Source "ChessBase"]
[SourceQuality "1"]
[TimeControl "5400+30"]

1. d4 g6 2. c4 Bg7 3. Nf3 d6 4. Nc3 Nf6 5. e4 O-O 6. Be2 e5 7. d5 a5 8. Bg5 Na6 9. Nd2 h6 10. Bh4 Qe8 11. a3 Bd7 12. b3 Nh7 13. O-O h5 14. f3 Bh6 15. Kh1 Be3 16. Rb1 c6 17. b4 axb4 18. axb4 c5 19. bxc5 Nxc5 20. Nb5 Bxb5 21. cxb5 Bxd2 22. Qxd2 b6 23. Qb2 Qd7 24. Ra1 Qb7 25. Rxa8 Rxa8 26. Ra1 Nf8 27. Ra3 Kg7 28. Rxa8 Qxa8 29. Be7 Qb8 30. Bg5 f6 31. Bc1 f5 32. exf5 gxf5 33. f4 h4 34. fxe5 dxe5 35. Qd2 f4 36. Bb2 Ng6 37. d6 Qd8 38. Qd5 Kf6 39. Bg4 Qe8 40. d7 Qd8 1-0

[Event "10th IM Marmaris Karia 2019"]
[Site "Marmaris"]
[Date "2019.10.18"]
[Round "4.1"]
[White "Semiev, Suhrab"]
[Black "Kiremitciyan, Ari"]
[Result "1/2-1/2"]
[ECO "A18"]
[WhiteElo "2290"]
[BlackElo "2286"]
[Annotator "NA"]
[PlyCount "96"]
[EventDate "2019.10.19"]
[EventType "schev"]
[EventCountry "TUR"]
[SourceTitle "playchess.com"]
[Source "ChessBase"]
[SourceQuality "1"]
[TimeControl "5400+30"]

1. c4 Nf6 2. Nc3 e6 3. e4 d5 4. e5 d4 5. exf6 dxc3 6. bxc3 Qxf6 7. d4 b6 8. Nf3 Bb7 9. Bg5 Bxf3 10. Qxf3 Qxf3 11. gxf3 Be7 12. Be3 Nc6 13. c5 Na5 14. cxb6 axb6 $15 15. Bb5+ c6 16. Bd3 b5 17. Ke2 Kd7 18. Rhb1 Ba3 19. Kd2 h5 20. Kc2 Ra6 21. h3 Rha8 22. Bd2 Be7 23. Rb2 Nb7 24. c4 Nd6 25. cxb5 cxb5 26. Bf4 Bf6 27. Be5 Ra4 28. Rxb5 Rxa2+ 29. Rxa2 Rxa2+ 30. Rb2 Rxb2+ 31. Kxb2 Bxe5 32. dxe5 Nf5 33. Kc3 Nh4 34. Be2 Ng6 35. Kd4 Nf4 36. Bb5+ Kd8 37. Bf1 h4 38. Ke4 g5 39. Kd4 Kc7 40. Kc5 Ng6 41. Kd4 Kc6 42. Bd3 Nf4 43. Bf1 Kb6 44. Kc4 Ng6 45. Kd4 Ka5 46. Kc5 Nxe5 47. Kd6 Nxf3 48. Ke7 Kb4 1/2-1/2

[Event "10th IM Marmaris Karia 2019"]
[Site "Marmaris"]
[Date "2019.10.18"]
[Round "4.2"]
[White "Darban, Morteza"]
[Black "Sahin, Ozgun"]
[Result "0-1"]
[ECO "D48"]
[WhiteElo "2285"]
[BlackElo "2224"]
[Annotator "NA"]
[PlyCount "76"]
[EventDate "2019.10.19"]
[EventType "schev"]
[EventCountry "TUR"]
[SourceTitle "playchess.com"]
[Source "ChessBase"]
[SourceQuality "1"]
[TimeControl "5400+30"]

1. d4 d5 2. c4 c6 3. Nf3 Nf6 4. Nc3 e6 5. e3 Nbd7 6. Bd3 dxc4 7. Bxc4 b5 8. Bd3 Bb7 9. O-O a6 10. e4 c5 11. d5 Qc7 12. dxe6 fxe6 13. Qe2 $11 c4 14. Bc2 Be7 15. a3 O-O 16. Bg5 Bc5 17. Rad1 Ne5 18. Nxe5 Qxe5 19. Be3 Bxe3 20. Qxe3 Ng4 21. Qg3 Qxg3 22. hxg3 Rad8 23. Rfe1 Rxd1 24. Nxd1 a5 25. f3 Ne5 26. f4 Nc6 27. Nc3 Nd4 28. Bb1 b4 29. axb4 axb4 30. Ne2 Nxe2+ 31. Rxe2 Rd8 32. Kf2 Ba6 33. e5 c3 34. Rc2 Bd3 35. Rc1 Bxb1 36. Rxb1 Rd2+ 37. Kf3 c2 38. Rc1 b3 0-1

[Event "10th IM Marmaris Karia 2019"]
[Site "Marmaris"]
[Date "2019.10.18"]
[Round "4.3"]
[White "Rasulov, Vugar"]
[Black "Citak, Selim"]
[Result "1-0"]
[ECO "D37"]
[WhiteElo "2506"]
[BlackElo "2210"]
[Annotator "ChessBase"]
[PlyCount "113"]
[EventDate "2019.10.19"]
[EventType "schev"]
[EventCountry "TUR"]
[SourceTitle "playchess.com"]
[Source "ChessBase"]
[SourceQuality "1"]
[TimeControl "5400+30"]

1. d4 d5 2. Nf3 Nf6 3. c4 e6 4. Nc3 Be7 5. Bf4 O-O 6. e3 c5 7. dxc5 Bxc5 8. Qc2 Nc6 9. a3 Qa5 10. Nd2 Be7 11. O-O-O a6 12. g4 e5 13. g5 exf4 14. gxf6 Bxf6 15. Nxd5 fxe3 16. fxe3 Be5 17. Bd3 h6 18. c5 Be6 19. Nb3 Qa4 20. Bc4 Bxd5 21. Rxd5 Rad8 22. Rxd8 Nxd8 23. Rd1 Kh8 24. h3 Qc6 25. Bd5 Qc7 26. Kb1 Nc6 27. Qe4 Bf6 28. Bxc6 bxc6 29. Rd6 Rb8 30. Ka2 Qb7 31. Qa4 Rc8 32. Nd4 Rb8 33. Qb3 Qa7 34. Qc3 Qb7 35. Qb3 Qa7 36. Qc2 Qb7 37. Nb3 a5 38. Qc4 Be5 39. Rd2 f6 40. h4 Qb5 41. Qxb5 Rxb5 42. a4 Rb4 43. Ka3 g5 44. hxg5 fxg5 45. Nxa5 Re4 46. Nxc6 Rxe3+ 47. Kb4 Bg3 48. Kc4 Re8 49. a5 h5 50. a6 Bf4 51. Rd8 Rxd8 52. Nxd8 Bb8 53. Nc6 g4 54. Nxb8 g3 55. a7 g2 56. a8=Q g1=Q 57. Nd7+ 1-0

[Event "10th IM Marmaris Karia 2019"]
[Site "Marmaris"]
[Date "2019.10.18"]
[Round "4.4"]
[White "Sevdimaliyev, Urfan"]
[Black "Gunduz, Umut Erdem"]
[Result "1-0"]
[ECO "B38"]
[WhiteElo "2361"]
[BlackElo "2165"]
[Annotator "NA"]
[PlyCount "93"]
[EventDate "2019.10.19"]
[EventType "schev"]
[EventCountry "TUR"]
[SourceTitle "playchess.com"]
[Source "ChessBase"]
[SourceQuality "1"]
[TimeControl "5400+30"]

1. c4 c5 2. Nf3 Nf6 3. Nc3 Nc6 4. d4 cxd4 5. Nxd4 g6 6. e4 d6 7. Be2 Bg7 8. Be3 O-O 9. Qd2 Ng4 10. Bxg4 Bxg4 11. O-O Rc8 12. b3 a6 $14 13. f4 Bd7 14. Rac1 Nxd4 15. Bxd4 Bc6 16. f5 Bxd4+ 17. Qxd4 Qa5 18. f6 exf6 19. Qxd6 Rce8 20. Qxf6 Bxe4 21. Rce1 Re6 22. Qd4 Bc6 23. Rxe6 fxe6 24. Rxf8+ Kxf8 25. Qf6+ Ke8 26. Qxe6+ Kd8 27. Qg8+ Kc7 28. Qxh7+ Kb6 29. Qh3 Qc5+ 30. Kf1 Qg5 31. Nd1 Qf4+ 32. Ke2 Kc5 33. Qe3+ Qxe3+ 34. Nxe3 Kb4 35. Kd3 Ka3 36. Kc3 Kxa2 37. h4 a5 38. c5 Kb1 39. g4 Bf3 40. Nc4 a4 41. bxa4 Bxg4 42. Ne5 Bf5 43. a5 Ka2 44. c6 bxc6 45. a6 c5 46. a7 Be4 47. Nxg6 1-0

[Event "10th IM Marmaris Karia 2019"]
[Site "Marmaris"]
[Date "2019.10.18"]
[Round "4.5"]
[White "Guseynov, Alihan"]
[Black "Angun, Batu"]
[Result "0-1"]
[ECO "B90"]
[WhiteElo "2335"]
[BlackElo "2165"]
[Annotator "NA"]
[PlyCount "82"]
[EventDate "2019.10.19"]
[EventType "schev"]
[EventCountry "TUR"]
[SourceTitle "playchess.com"]
[Source "ChessBase"]
[SourceQuality "1"]
[TimeControl "5400+30"]

1. e4 c5 2. Nf3 d6 3. d4 cxd4 4. Nxd4 Nf6 5. Nc3 a6 6. Be3 e5 7. Nb3 Be7 ({Predecessor:} 7... Be6 8. f3 d5 9. exd5 Nxd5 10. Nxd5 Qxd5 11. Qxd5 Bxd5 12. O-O-O Be6 13. Nc5 {½-½ (54) Tangatarov,T (2184)-Glidzhain,G (2354) Ufa 2012}) 8. f3 Be6 9. Qd2 d5 10. exd5 {[%emt 0:02:30] B90: Sicilian Najdorf: Unusual White 6th moves, 6 Be3 Ng4 and 6 Be3 e5} Nxd5 11. Nxd5 Qxd5 12. Qxd5 Bxd5 13. O-O-O Be6 14. Nc5 $146 (14. Na5 b5 15. Bd3 f5 16. Rhe1 Nd7 17. Nc6 Rc8 18. Nxe7 Kxe7 {½-½ (47) Shirov,A (2710)-Ljubojevic,L (2580) Linares 1995}) 14... Bxc5 15. Bxc5 Nd7 16. Bd6 Rc8 17. b3 f6 18. Bd3 Nc5 19. Bxc5 Rxc5 20. Be4 Rc7 21. Rd6 Ke7 22. Rb6 $1 Bc8 23. c4 f5 24. Bc2 Rc6 25. Rxc6 bxc6 26. Kb2 Rd8 27. Kc3 c5 28. a3 a5 29. h4 Rd4 $11 30. g3 Be6 31. h5 h6 32. Bd3 Kf6 33. Rb1 f4 34. Rg1 Bf5 35. Be2 e4 36. b4 axb4+ 37. axb4 exf3 38. bxc5 Re4 39. Bf1 Re1 40. gxf4 f2 41. Rh1 Be4 0-1

[Event "10th IM Marmaris Karia 2019"]
[Site "Marmaris"]
[Date "2019.10.19"]
[Round "5.2"]
[White "Sahin, Ozgun"]
[Black "Rasulov, Vugar"]
[Result "1/2-1/2"]
[ECO "C05"]
[WhiteElo "2224"]
[BlackElo "2506"]
[Annotator "RC"]
[PlyCount "93"]
[EventDate "2019.10.19"]
[EventType "schev"]
[EventCountry "TUR"]
[SourceTitle "playchess.com"]
[Source "ChessBase"]
[SourceQuality "1"]
[TimeControl "5400+30"]

1. e4 e6 2. d4 d5 3. Nc3 Nf6 4. e5 Nfd7 5. f4 c5 6. Nf3 Nc6 7. Ne2 b5 8. g3 b4 9. Bg2 a5 10. O-O g6 11. c4 Nb6 12. cxd5 Nxd5 13. f5 gxf5 14. Nf4 Bb7 15. Qa4 Nxf4 16. Bxf4 Qd7 17. Nd2 Nd8 18. Qxd7+ Kxd7 19. Nc4 Bxg2 20. Kxg2 Kc6 21. Rac1 Nb7 22. Rfd1 Rd8 23. Nd6 Nxd6 24. Rxc5+ Kb6 25. exd6 Bxd6 26. Bxd6 Rxd6 27. Rdc1 Rhd8 28. a4 bxa3 29. bxa3 Ka6 30. a4 R8d7 31. d5 Rxd5 32. Rxd5 Rxd5 33. Rc7 Rd4 34. Rxf7 Rxa4 35. Rxh7 Rb4 36. Re7 Rb6 37. h4 a4 38. Re8 Kb5 39. h5 a3 40. h6 Rb7 41. Rxe6 Ra7 42. Re1 Rh7 43. Re5+ Kb4 44. Rxf5 Rxh6 45. Rf4+ Kb5 46. Rf5+ Kc4 47. Rf4+ 1/2-1/2

[Event "10th IM Marmaris Karia 2019"]
[Site "Marmaris"]
[Date "2019.10.19"]
[Round "6.1"]
[White "Rasulov, Vugar"]
[Black "Kiremitciyan, Ari"]
[Result "1-0"]
[ECO "C65"]
[WhiteElo "2506"]
[BlackElo "2286"]
[Annotator "ChessBase"]
[PlyCount "81"]
[EventDate "2019.10.19"]
[EventType "schev"]
[EventCountry "TUR"]
[SourceTitle "playchess.com"]
[Source "ChessBase"]
[SourceQuality "1"]
[TimeControl "5400+30"]

1. e4 e5 2. Nf3 Nc6 3. Bb5 Nf6 4. d3 Bc5 5. c3 O-O 6. O-O d6 7. Nbd2 a6 8. Ba4 Ba7 9. h3 Ne7 10. Re1 Ng6 11. Nf1 c6 12. Ng3 Re8 13. d4 b5 14. Bc2 h6 15. Be3 c5 16. Qd2 Bb7 17. d5 c4 18. Bxa7 Rxa7 19. a4 Ra8 20. Ra3 Nf4 21. Rea1 Qb6 22. Qe3 Qc7 23. Nf5 Nd7 24. N3h4 Nf8 25. g3 Nxh3+ 26. Kg2 Ng5 27. Nxg7 Kxg7 28. Nf5+ Kf6 29. f4 exf4 30. Qd4+ Re5 31. gxf4 Ng6 32. fxe5+ dxe5 33. Qf2 Nf4+ 34. Kh1 Bc8 35. axb5 Bxf5 36. Rxa6+ Rxa6 37. Rxa6+ Kg7 38. exf5 Qb7 39. f6+ Kg8 40. Rd6 Qa8 41. Qa7 1-0